 Dungeon Crawl Stone Soup version 0.19.5 (webtiles) character file.

153 greprep the Sneak (level 5, -1/25 HPs)
             Began as a Spriggan Enchanter on May 4, 2017.
             Slain by an orc
             ... wielding a +0 mace
              (9 damage)
             ... on level 3 of the Dungeon.
             The game lasted 00:07:11 (2611 turns).

greprep the Sneak (Spriggan Enchanter)              Turns: 2611, Time: 00:07:11

Health: -1/25      AC:  3    Str:  5    XL:     5   Next: 12%
Magic:  7/10       EV: 19    Int: 17    God:
Gold:   91         SH:  0    Dex: 16    Spells: 2 memorised, 7 levels left

rFire  . . .     SeeInvis +     a - +2 dagger
rCold  . . .     Gourm    .     b - +1 robe
rNeg   . . .     Faith    .     (shield restricted)
rPois  .         Spirit   .     (helmet restricted)
rElec  .         Reflect  .     (no cloak)
rCorr  .         Harm     .     (gloves unavailable)
MR     .....                    (boots unavailable)
Stlth  ++++......               (no amulet)
                                (no ring)
                                (no ring)

@: very quick
A: unfitting armour, see invisible, herbivore 3, speed 3, slow metabolism 2
a: no special abilities


You were on level 3 of the Dungeon.
You were not hungry.

You visited 1 branch of the dungeon, and saw 3 of its levels.

You collected 91 gold pieces.

Inventory:

Hand Weapons
 a - a +2 dagger (weapon)
Armour
 b - a +1 robe (worn)
Jewellery
 i - a cursed -2 ring of protection {unknown}
Scrolls
 g - 3 scrolls of identify
 m - a scroll of remove curse
 n - a scroll of recharging
Potions
 e - a potion of berserk rage
 f - a potion of haste {unknown}
 h - a potion of brilliance
 j - 2 potions of flight {unknown}
 k - 2 potions of curing {unknown}
 l - 2 potions of mutation {unknown}
Books
 c - a book of Maledictions

   Spells                             Type                      Level
   a - Corona                         Hexes                        1
   b - Ensorcelled Hibernation        Hexes/Ice                    2
   c - Confuse                        Hexes                        3
   d - Tukima's Dance                 Hexes                        3
   e - Dazzling Spray                 Conjuration/Hexes            3
Comestibles
 d - a bread ration


   Skills:
 + Level 0.4 Fighting
 + Level 2.5 Short Blades
 + Level 3.4 Dodging
 + Level 6.8 Stealth
 + Level 3.2 Spellcasting
 + Level 4.3 Hexes
 + Level 0.2 Ice Magic


You had 7 spell levels left.
You knew the following spells:

 Your Spells              Type           Power        Failure   Level  Hunger
a - Corona                Hex            ###....      2%          1    None
b - Ensorcelled Hibernat  Hex/Ice        ##....       12%         2    ##.....


Dungeon Overview and Level Annotations

Branches:
Dungeon (3/15)

Altars:


Innate Abilities, Weirdness & Mutations

You are very small and have problems with some larger weapons.
You are too small for most types of armour.
You have supernaturally acute eyesight. (SInv)
You are a herbivore.
You cover ground extremely quickly.
You need consume almost no food.


Message History

You are too injured to fight recklessly!
You are too injured to fight recklessly!
You hit the orc wizard.
You kill the orc wizard!
You have reached level 5!
You feel clever.
You are too injured to fight recklessly!
You closely miss the orc.
The orc is almost dead.
The orc misses you.
You hit the orc.
You kill the orc!
Casting: Ensorcelled Hibernation
Confirm with . or Enter, or press ? or * to list all spells.
Aiming: Ensorcelled Hibernation
Press: ? - help, Shift-Dir - straight line, f - orc
Aim: an orc, wielding a mace (chance to defeat MR: 59%)
The orc resists with significant effort.
The orc hits you with a mace!
You die...

#.# #.# #.# # #.#
#.# #># ## #.#
##.###.# #.
#.####.†.##.# #.
#...........# #.
#.####...########.
#.# ##...........
#.# ###########(
#@# #. #o# #. #o#
#. #.# #######.
#.# #....... #.#
#.#####. #.. #.
### #. #.


You could see 2 orcs.

Vanquished Creatures
  2 orc wizards (D:3)
  An adder (D:3)
  An ooze (D:1)
  3 worms (D:2)
  2 dart slugs
  2 leopard geckos
  5 orcs (D:3)
  2 giant cockroaches (D:2)
  10 goblins
  12 hobgoblins
  3 jackals (D:3)
  6 kobolds
  9 bats
  4 frilled lizards
  7 rats
69 creatures vanquished.

Notes
Turn   | Place    | Note
-------+----------+-------------------------------------------
     0 | D:1      | greprep the Spriggan Enchanter began the quest for the Orb.
     0 | D:1      | Reached XP level 1. HP: 9/9 MP: 5/5
   231 | D:1      | Reached XP level 2. HP: 13/13 MP: 6/6
   239 | D:1      | Learned a level 2 spell: Ensorcelled Hibernation
   327 | D:1      | You fall through a shaft!
   358 | D:2      | Reached skill level 5 in Stealth
   590 | D:1      | Reached XP level 3. HP: 16/16 MP: 8/8
  1353 | D:2      | Reached skill level 6 in Stealth
  2018 | D:3      | Reached XP level 4. HP: 21/21 MP: 6/9
  2607 | D:3      | Reached XP level 5. HP: 7/25 MP: 8/10
  2611 | D:3      | Slain by an orc

Skill      XL: |  1  2  3  4 |
---------------+-------------+-----
Stealth        | 5 6 |  6.8
Hexes          | 4 |  4.3
Spellcasting   | 3 |  3.2
Short Blades   | 2 |  2.5
Fighting       | |  0.4
Dodging        | |  3.4
Ice Magic      | |  0.2

Action                   |  1- 3 |  4- 6 || total
-------------------------+-------+-------++-------
Melee: Dagger            |   117 |    67 ||   184
 Cast: Ensorcelled Hiber |    21 |    14 ||    35
       Corona            |     3 |       ||     3
  Use: Scroll            |     7 |       ||     7
 Stab: Sleeping          |    27 |    14 ||    41
  Eat: Pizza             |       |     1 ||     1
Armor: Robe              |    19 |     8 ||    27
Dodge: Dodged            |    84 |    38 ||   122
